 Dungeon Crawl Stone Soup version 0.16-a0-3354-g045d5c7 (webtiles) character file.

35 Kemay the Insei (level 3, -1/23 HPs)
             Began as an Octopode Transmuter on Dec 29, 2014.
             Slain by an adder (4 damage)
             ... on level 2 of the Dungeon.
             The game lasted 00:04:25 (1407 turns).

Kemay the Insei (Octopode Transmuter)               Turns: 1407, Time: 00:04:26

Health: -1/23      AC:  1    Str:  9      XL:     3   Next: 33%
Magic:  6/6        EV: 12    Int: 16      God:
Gold:   0          SH:  0    Dex: 10 (12) Spells: 1 memorised, 5 levels left

rFire  . . .     SeeInvis +     f - -3 hunting sling (curse)
rCold  . . .     Clarity  .     (no shield)
rNeg   . . .     SustAb   .     (helmet restricted)
rPois  +         Gourm    .     (no amulet)
rElec  .         Spirit   .     (no ring)
rCorr  .         Warding  .     (no ring)
rMut   .         Stasis   .     (no ring)
MR     .....                    (no ring)
Stlth  ++........               (no ring)
                                (no ring)
                                (no ring)
                                (no ring)

@: about to teleport, not resistant to hostile enchantments, unstealthy
A: almost no armour, amphibious, 8 rings, constrict 8, camouflage 1, see
invisible, poison resistance, gelatinous body 1
a: no special abilities


You were on level 2 of the Dungeon.
You were not hungry.

You visited 1 branch of the dungeon, and saw 2 of its levels.

Inventory:

Hand weapons
 f - a cursed -3 hunting sling (weapon)
Potions
 e - a potion of heal wounds
Books
 d - a book of Changes

   Spells                             Type                      Level
   a - Beastly Appendage              Transmutation                1
   b - Sticks to Snakes               Transmutation                2
   c - Spider Form                    Transmutation/Poison         3
   d - Ice Form                       Ice/Transmutation            4
   e - Blade Hands                    Transmutation                5
Comestibles
 a - a bread ration
 b - a beef jerky
 c - a royal jelly
 h - 3 fruits
 i - a meat ration
 k - 3 chunks of flesh


   Skills:
 - Level 1.0 Fighting
 + Level 2.9 Dodging
 + Level 3.7 Unarmed Combat
 - Level 2.0 Spellcasting
 - Level 2.0 Transmutations


You had 5 spell levels left.
You knew the following spells:

 Your Spells              Type           Power        Failure   Level  Hunger
a - Beastly Appendage     Trmt           #.....       10%         1    #......


Dungeon Overview and Level Annotations

Branches:
Dungeon (2/15)

Altars:


Innate Abilities, Weirdness & Mutations

You cannot wear most types of armour.
You are amphibious.
You can wear up to eight rings at the same time.
You can use your tentacles to constrict many enemies at once.
Your skin changes colour to match your surroundings (Stealth).
Your rubbery body absorbs attacks (AC +1).
You have supernaturally acute eyesight.
Your system is resistant to poisons.


Message History

The javelin hits the adder but does no damage.
The adder is moderately wounded.
The adder bites you.
You clumsily bash the adder but do no damage.
Your grab misses the adder.
The adder is moderately wounded.
The adder completely misses you. The adder barely misses you.
You miss the adder. Your grab misses the adder.
The adder is moderately wounded.
The adder bites you.
* * * LOW HITPOINT WARNING * * *
The adder misses you.
You miss the adder. Your grab misses the adder.
The adder is moderately wounded.
The adder closely misses you. x2
The adder misses you.
Read which item? (? for menu, Esc to quit)
As you read the scroll of teleportation, it crumbles to dust.
You feel strangely unstable. The adder bites you.
You die...

...... ((...(( .....(.
.......###########
....>...(........... #
(......(....# #.. .
............# #.##### .##
............#####.....##..#
###......S@............#.##
#.......................#
#........................
#.................<......
#........#######.........
........# #.........
.......# #.[....... .$.....
#......... ......
#.........


You could see an adder.

Vanquished Creatures
  A giant mite (D:1)
  5 bats
  2 giant cockroaches (D:1)
  3 goblins (D:1)
  4 hobgoblins
  A jackal (D:1)
  A quokka (D:2)
  A giant gecko (D:2)
  A giant newt (D:1)
  2 kobolds (D:1)
  5 rats (D:1)
26 creatures vanquished.

Notes
Turn   | Place    | Note
--------------------------------------------------------------
     0 | D:1      | Kemay, the Octopode Transmuter, began the quest for the Orb.
     0 | D:1      | Reached XP level 1. HP: 13/13 MP: 3/3
   191 | D:1      | Reached XP level 2. HP: 8/18 MP: 2/4
   796 | D:1      | Reached XP level 3. HP: 8/23 MP: 4/6
   987 | D:1      | Gained mutation: Your system is resistant to poisons. [potion of mutation]
   987 | D:1      | Gained mutation: You have supernaturally acute eyesight. [potion of mutation]
  1407 | D:2      | Slain by an adder

Action                   || total
-------------------------++-------
Melee: Unarmed           ||    47
       Hunting sling     ||     4
 Fire: Hunting sling     ||    24
Throw: Javelin           ||     6
 Cast: Beastly Appendage ||     4
  Use: Scroll            ||     4
       Potion            ||     4
 Stab: Sleeping          ||     2
  Eat: Bread ration      ||     1
